 Dungeon Crawl Stone Soup version 0.27.1-33-g824d729ab1 (webtiles) character file.

Game seed: 391040805223111769

5168 alasdair19 the Carver (level 10, -4/86 HPs)
             Began as a Minotaur Fighter on Dec 11, 2021.
             Was a Follower of Okawaru.
             Slain by a four-headed hydra (7 damage)
             ... on level 8 of the Dungeon.
             The game lasted 00:22:35 (8762 turns).

alasdair19 the Carver (Minotaur Fighter)            Turns: 8762, Time: 00:22:35

Health: -4/86      AC: 16    Str: 23    XL:     10   Next: 34%
Magic:  10/10      EV:  6    Int:  6    God:    Okawaru [*.....]
Gold:   428        SH: 12    Dex: 19    Spells: 9/9 levels left

rFire    . . .     SeeInvis .   L - +0 rapier (venom)
rCold    . . .     Faith    .   c - +0 kite shield
rNeg     + . .     Spirit   .   N - +0 plate armour
rPois    .         Reflect  .   (helmet restricted)
rElec    +         Harm     .   i - scarf {repulsion}
rCorr    .         Rampage  +   n - +0 pair of gloves
Will     .....                  C - +0 pair of boots
Stlth    ..........             A - amulet "Puk Ewoe" {RegenMP Rampage rElec Dex+3}
HPRegen  0.24/turn              D - ring of positive energy
MPRegen  0.37/turn              H - +6 ring of dexterity

@: hasted, repel missiles, very quick
A: horns 2, retaliatory headbutt
a: Renounce Religion, Heroism


You were on level 8 of the Dungeon.
You worshipped Okawaru.
Okawaru was aware of your devotion.
You visited 2 branches of the dungeon, and saw 9 of its levels.

You collected 428 gold pieces.

Inventory:

Hand Weapons
 a - a +1 long sword
 d - a +2 long sword of freezing
 L - a +0 rapier of venom (weapon)
 M - a +2 dagger of venom
Missiles
 g - 57 poisoned darts (quivered)
 F - 4 javelins
Armour
 b - a +4 scale mail
 c - a +0 kite shield (worn)
 e - a +0 chain mail
 f - a +0 cloak
 i - a scarf of repulsion (worn)
 n - a +0 pair of gloves (worn)
 C - a +0 pair of boots (worn)
 G - a +0 leather armour of fire resistance
 N - a +0 plate armour (worn)
Jewellery
 y - an amulet of guardian spirit
 A - the amulet "Puk Ewoe" (around neck) {RegenMP Rampage rElec Dex+3}
   (You found it on level 5 of the Dungeon)

   [amulet of magic regeneration]

   It increases your rate of magic regeneration.
   Dex:       It affects your dexterity (+3).
   rElec:     It insulates you from electricity.
   Rampage:   It bestows one free step when moving towards enemies.
 D - a ring of positive energy (left hand)
 H - a +6 ring of dexterity (right hand)
Wands
 k - a wand of polymorph (13)
 x - a wand of charming (11)
 J - a wand of iceblast (10)
 K - a wand of flame (17)
Scrolls
 h - 2 scrolls of fog
 j - a scroll of enchant weapon
 l - a scroll of enchant armour {unknown}
 m - a scroll of magic mapping
 o - 2 scrolls of holy word
 p - 2 scrolls of noise {unknown}
 q - 3 scrolls of teleportation
 r - 2 scrolls of amnesia {unknown}
 t - 2 scrolls of summoning {unknown}
 B - a scroll of immolation {unknown}
Potions
 u - a potion of invisibility
 v - a potion of flight
 w - a potion of lignification
 z - a potion of heal wounds
 E - a potion of curing
 I - a potion of berserk rage


   Skills:
 + Level 7.5 Fighting
 + Level 10.8 Long Blades
 + Level 4.4 Throwing
 + Level 9.1 Armour
 - Level 1.0 Dodging
 - Level 0.1 Stealth
 - Level 8.7 Shields
 + Level 0.6 Unarmed Combat
 * Level 2.1 Invocations
 * Level 1.8 Evocations


You had 9 spell levels left.
You didn't know any spells.
Your spell library contained the following spells:

 Spells                   Type           Power      Damage    Failure   Level
 Foxfire                  Conj/Fire      0%         2x1d4     100%        1
 Magic Dart               Conj           0%         1d3       100%        1
 Ensorcelled Hibernation  Hex/Ice        0%         N/A       100%        2
 Searing Ray              Conj           0%         3d3       100%        2
 Conjure Flame            Conj/Fire      0%         6-21      100%        3
 Inner Flame              Hex/Fire       0%         N/A       100%        3
 Spider Form              Tmut/Pois      0%         N/A       100%        3
 Stone Arrow              Conj/Erth      0%         3d7       100%        3
 Tukima's Dance           Hex            0%         N/A       100%        3
 Animate Armour           Summ/Erth      0%         N/A       100%        4
 Fulminant Prism          Conj/Hex       0%         3d6       100%        4
 Passage of Golubria      Tloc           N/A        N/A       100%        4
 Yara's Violent Unravell  Hex/Tmut       0%         3d3       100%        5
 Shadow Creatures         Summ           N/A        N/A       100%        6
 Lehudib's Crystal Spear  Conj/Erth      0%         10d2      100%        8


Dungeon Overview and Level Annotations

Branches:
Dungeon (8/15)             Temple (1/1) D:7
   Lair: D:8-11

Altars:
Cheibriados
Dithmenos
Elyvilon
Gozag
Hepliaklqana
Kikubaaqudgha
Makhleb
Nemelex Xobeh
Okawaru
Qazlal
Ru
Sif Muna
Trog
Vehumet
Wu Jian
Xom
Yredelemnul
Zin
The Shining One

Shops:
D:5 [   D:8 =


Innate Abilities, Weirdness & Mutations

You have a pair of horns on your head.
You reflexively headbutt those who attack you in melee.


Message History

The four-headed hydra bites you but does no damage.
You see here a +0 rapier of venom.
L - a +0 rapier of venom The four-headed hydra bites you but does no damage.
You block the four-headed hydra's attack.
The four-headed hydra bites you.
You block the four-headed hydra's attack.
Your +2 long sword of freezing stops glowing.
Your +0 rapier of venom begins to drip with poison!
L - a +0 rapier of venom (weapon)
The four-headed hydra bites you but does no damage.
You block the four-headed hydra's attack.
The four-headed hydra bites you!
You block the four-headed hydra's attack.
You hit the four-headed hydra. You headbutt the four-headed hydra.
The four-headed hydra is lightly wounded.
The four-headed hydra bites you!
The four-headed hydra bites you but does no damage. x2
The four-headed hydra bites you.
You barely miss the four-headed hydra.
The four-headed hydra is lightly wounded.
You block the four-headed hydra's attack.
The four-headed hydra bites you!
The four-headed hydra bites you but does no damage.
You block the four-headed hydra's attack.
You puncture the four-headed hydra!
The four-headed hydra is poisoned.
You headbutt the four-headed hydra!
The four-headed hydra is moderately wounded.
The four-headed hydra bites you!
* * * LOW HITPOINT WARNING * * *
You block the four-headed hydra's attack.
The four-headed hydra bites you!
* * * LOW HITPOINT WARNING * * *
You block the four-headed hydra's attack.
You feel yourself speed up.
The four-headed hydra bites you but does no damage.
The four-headed hydra bites you!
* * * LOW HITPOINT WARNING * * *
The four-headed hydra bites you!
You die...

###........#.. #.
....###...######
###.. ####... #..##
......##..... ##.#
#.#..#... .###...#.#
#....#..##...#...#.#
#....#..#..).#...#.##
#......)......#..##
#...#D@..#..#.....#
#...#.!.##..#...#.#
#...###.....#..##.#
##.........##.....#
#......####....###
###............#
#####.......##
.........#...##
##############


You could see a four-headed hydra (very poisoned).

Vanquished Creatures
  A boulder beetle (D:8)
  A two-headed ogre (D:7)
  A troll (D:7)
  Eustachio (D:6)
  Edmund (D:6)
  Menkaure (D:6)
  A water moccasin (D:6)
  2 orc warriors
  2 ice beasts
  2 sky beasts
  2 black bears
  3 necrophages
  3 ogres
  2 centaurs
  A kobold brigand (D:7)
  2 bullfrogs (D:7)
  A wyvern zombie (D:8)
  3 scorpions
  A wyvern skeleton (D:6)
  A water moccasin skeleton (D:2)
  3 wights (D:6)
  2 bullfrog skeletons
  2 jellies
  3 orc priests
  2 centaur skeletons (D:5)
  7 hounds
  2 iguanas
  Jessica (D:2)
  9 orc wizards
  Natasha (thrice) (D:2)
  Terence (D:2)
  A killer bee zombie (D:6)
  A hound skeleton (D:4)
  9 adders
  A white imp (D:7)
  An ufetubus (D:4)
  A dart slug (D:2)
  26 orcs
  10 ball pythons
  3 bats (D:3)
  5 endoplasms
  5 giant cockroaches
  7 goblins
  6 hobgoblins
  2 jackals (D:4)
  13 kobolds
  3 quokkas
  4 frilled lizards
  7 rats
172 creatures vanquished.

Notes
Turn   | Place    | Note
-------+----------+-------------------------------------------
     0 | D:1      | alasdair19 the Minotaur Fighter began the quest for the
                  | Orb.
     0 | D:1      | Reached XP level 1. HP: 19/19 MP: 0/0
   253 | D:1      | Reached XP level 2. HP: 27/27 MP: 1/1
   495 | D:1      | Found a faded altar of an unknown god.
  1038 | D:2      | Reached skill level 3 in Long Blades
  1038 | D:2      | Reached XP level 3. HP: 33/33 MP: 2/2
  1038 | D:2      | Reached XP level 4. HP: 40/40 MP: 3/3
  1096 | D:2      | Reached skill level 4 in Long Blades
  1125 | D:2      | Noticed Natasha
  1131 | D:2      | Killed Natasha
  1223 | D:2      | Reached XP level 5. HP: 46/46 MP: 4/4
  1290 | D:2      | Noticed Natasha
  1303 | D:2      | Killed Natasha
  1345 | D:2      | Noticed Natasha
  1354 | D:2      | Killed Natasha
  1586 | D:2      | Reached skill level 5 in Long Blades
  1651 | D:2      | Noticed Terence
  1666 | D:2      | Killed Terence
  1667 | D:2      | Reached skill level 1 in Dodging
  1902 | D:2      | Noticed Jessica
  1905 | D:2      | Killed Jessica
  2091 | D:3      | Reached skill level 1 in Throwing
  2091 | D:3      | Reached XP level 6. HP: 44/53 MP: 5/5
  2312 | D:3      | Reached skill level 5 in Shields
  3422 | D:4      | Reached skill level 6 in Long Blades
  3422 | D:4      | Reached XP level 7. HP: 29/60 MP: 3/6
  3484 | D:4      | Reached skill level 5 in Armour
  3810 | D:5      | Entered Level 5 of the Dungeon
  3874 | D:5      | Found an opulent altar of Gozag.
  3874 | D:5      | Found an ornate altar of the Wu Jian Council.
  3875 | D:5      | Found a glowing golden altar of the Shining One.
  3894 | D:5      | Reached skill level 5 in Fighting
  3974 | D:5      | Identified the amulet "Puk Ewoe" {RegenMP Rampage rElec
                  | Dex+3}
  4350 | D:5      | Reached XP level 8. HP: 68/68 MP: 7/7
  4357 | D:5      | Found Teraeter's Antique Armour Shoppe.
  4372 | D:5      | Reached skill level 7 in Long Blades
  5164 | D:6      | Noticed Eustachio
  5177 | D:6      | Killed Eustachio
  5178 | D:6      | Reached skill level 8 in Long Blades
  5421 | D:6      | Noticed Menkaure
  5428 | D:6      | Killed Menkaure
  5700 | D:6      | Reached XP level 9. HP: 31/70 MP: 8/8
  5967 | D:6      | Noticed Edmund
  5980 | D:6      | Killed Edmund
  5981 | D:6      | Reached skill level 9 in Long Blades
  6418 | D:7      | Noticed a two-headed ogre
  6437 | D:7      | Killed a two-headed ogre
  6662 | D:7      | Reached skill level 10 in Long Blades
  7011 | D:7      | Noticed a troll
  7274 | D:7      | Found a staircase to the Ecumenical Temple.
  7282 | Temple   | Entered the Ecumenical Temple
  7583 | Temple   | Became a worshipper of Warmaster Okawaru
  8000 | D:7      | Killed a troll
  8108 | D:8      | Reached XP level 10. HP: 73/86 MP: 9/9
  8374 | D:8      | Reached skill level 1 in Invocations
  8374 | D:8      | Reached skill level 1 in Evocations
  8455 | D:8      | Noticed a boulder beetle
  8482 | D:8      | Killed a boulder beetle
  8482 | D:8      | Reached * piety under Okawaru
  8686 | D:8      | Found Jothueps's Jewellery Emporium.
  8746 | D:8      | Noticed a four-headed hydra
  8762 | D:8      | HP: 3/86 [four-headed hydra (12)]
  8762 | D:8      | Slain by a four-headed hydra

Illustrated notes

Levels and vault maps discovered:
D:1:      erik_arrival_triangle_large, layout_loops_ring,
          chequers_ecumenical_altar_simple_redux, minmay_misc_feat_more_columns
D:2:      layout_basic, hex_intersection, nrook_mini_vaults, uniq_jessica,
          uniq_natasha, uniq_terence
D:3:      minmay_skewed_foursquare, layout_basic,
          minmay_fractal_squares_gapless_5
D:4:      cheibrodos_pilgrimage, layout_cave_pools
D:5:      layout_basic, grunt_temple_overflow_open, serial_shops,
          nicolae_stop_n_shop_2
D:6:      layout_loops_ring, uniq_menkaure, uniq_eustachio, uniq_edmund
D:7:      layout_gridville, temple_green
D:8:      minmay_clustersquares, layout_basic, overflow_temple_1_default,
          serial_shops, nicolae_inconvenience_store, minmay_radiant
Temple:   minmay_temple_bridge_d

Skill      XL: |  1  2  3  4  5  6  7  8  9 10 |
---------------+-------------------------------+-----
Fighting       | 4 5 7 |  7.5
Shields        | 4 5 6 7 8 |  8.7
Long Blades    | 3 4 5 6 8 10 | 10.8
Armour         | 4 6 7 8 9 |  9.1
Dodging        | 1 |  1.0
Throwing       | 1 2 3 4 |  4.4
Invocations    | 2 |  2.1
Evocations     | 1 |  1.8
Stealth        | |  0.1
Unarmed Combat | |  0.6

Action                   |  1- 3 |  4- 6 |  7- 9 | 10-12 || total
-------------------------+-------+-------+-------+-------++-------
Melee: Long sword        |    60 |   201 |   243 |    50 ||   554
       Headbutt          |     5 |    36 |    56 |    22 ||   119
       Unarmed           |       |       |     3 |       ||     3
       Rapier            |       |       |       |     3 ||     3
Throw: Dart              |       |       |    33 |     4 ||    37
       Javelin           |       |       |     4 |     1 ||     5
  Use: Scroll            |       |     9 |     5 |     1 ||    15
       Potion            |       |       |     1 |     1 ||     2
Armor: Chain mail        |     6 |       |       |       ||     6
       Scale mail        |    22 |   164 |   105 |     1 ||   292
       Plate armour      |       |       |       |    24 ||    24
Dodge: Dodged            |    11 |    71 |    69 |     7 ||   158
       Repelled          |       |     1 |       |       ||     1
Block: Kite shield       |    29 |   116 |   123 |    33 ||   301
       Rpst.: Long sword |     3 |    22 |    19 |     1 ||    45
